 Dungeon Crawl Stone Soup version 0.17.1-3-g152610e (webtiles) character file.

44 Zhenya25pyc the Shield-Bearer (level 3, -5/36 HPs)
             Began as a Troll Fighter on Mar 30, 2016.
             Was a Follower of Cheibriados.
             Slain by Sigmund
             ... wielding a +0 scythe
              (9 damage)
             ... on level 3 of the Dungeon.
             The game lasted 00:09:21 (1819 turns).

Zhenya25pyc the Shield-Bearer (Troll Fighter)       Turns: 1819, Time: 00:09:21

Health: -5/36      AC:  5    Str: 28    XL:     3   Next: 39%
Magic:  2/2        EV:  8    Int:  7    God:    Cheibriados [*.....]
Gold:   122        SH:  0    Dex: 12    Spells: 0 memorised, 2 levels left

rFire  . . .     SeeInvis .     y - +0 flail
rCold  . . .     Clarity  .     p - +0 robe
rNeg   . . .     SustAt   .     a - +0 shield
rPois  .         Gourm    +     (helmet restricted)
rElec  .         Spirit   .     (no cloak)
rCorr  .         Warding  .     (gloves unavailable)
rMut   .         Stasis   .     (boots unavailable)
MR     .....                    (no amulet)
Stlth  +.........               (no ring)
                                (no ring)

@: confused, very slow, not resistant to hostile enchantments, very unstealthy
A: unfitting armour, claws 3, fast metabolism 3, gourmand, regeneration 2,
shaggy fur 1, tough skin 2
a: Bend Time, Renounce Religion


You were on level 3 of the Dungeon.
You worshipped Cheibriados.
Cheibriados was aware of your devotion.
You were completely stuffed.

You visited 1 branch of the dungeon, and saw 3 of its levels.

You collected 122 gold pieces.

Inventory:

Hand Weapons
 c - a +0 short sword
 y - a +0 flail (weapon)
Missiles
 j - 24 stones (quivered)
Armour
 a - a +0 shield (worn)
 b - a +0 shield
 p - a +0 robe (worn)
Scrolls
 e - 2 scrolls of remove curse
 i - a scroll of recharging {unknown}
 n - 2 scrolls of blinking {unknown}
 o - a scroll of fear {unknown}
 q - a scroll of random uselessness {unknown}
 t - a scroll of noise {unknown}
 v - 2 scrolls of identify {unknown}
 w - a scroll of teleportation {unknown}
Potions
 f - a potion of magic {unknown}
 h - a potion of cancellation {unknown}
 k - a potion of resistance {unknown}
 l - a potion of brilliance {unknown}
 m - a potion of haste
 s - 2 potions of invisibility {unknown}
 u - 2 potions of curing {unknown}
 C - a potion of might
 D - a potion of agility {unknown}
Comestibles
 d - 3 bread rations
 g - 2 meat rations
 r - a beef jerky
 x - 3 fruits
 z - a chunk of flesh


   Skills:
 + Level 2.7 Fighting
 + Level 0.2 Short Blades
 + Level 2.8 Dodging
 + Level 0.1 Stealth
 + Level 2.9 Shields
 + Level 2.0 Unarmed Combat


You had 2 spell levels left.
You didn't know any spells.

Dungeon Overview and Level Annotations

Branches:
Dungeon (3/15)

Altars:
Cheibriados

Annotations:
D:3 Sigmund


Innate Abilities, Weirdness & Mutations

You are too large for most types of armour.
You have claws for hands.
Your metabolism is lightning-fast.
You like to eat raw meat.
You heal very quickly.
You are covered in fur (AC +1).
You have very tough skin (AC +2).


Message History

* * * LOW HITPOINT WARNING * * *
Unknown command.
You bump into the rock wall.
You hear a zap.
Something tries to affect you, but you resist.
You completely miss something.
You hear a zap.
Something tries to affect you, but you resist.
You hear a zap.
You are more confused.
You bump into the rock wall.
You hear a zap.
You are more confused.
You hear a zap.
Something tries to affect you, but you resist.
You're too confused to move!
Something hits you!
* * * LOW HITPOINT WARNING * * *
Your shield prevents you from hitting something.
Something hits you!
You die...

###### ......
####.# #######.#
.........
#######....
...........
##########.###.##.
#@.......#+###.#..
#{####............
#.# #.......#####
#.# #.......# #..
#.# #.......# #..
#.# #.......# ###
#.# #.......# #..
#.# ######### #.#
#.#


There were no monsters in sight!

Vanquished Creatures
  2 worms (D:2)
  2 giant geckos
  An orc (D:3)
  5 bats
  2 giant cockroaches
  3 hobgoblins
  2 jackals (D:1)
  A quokka (D:3)
  A ball python (D:2)
  2 giant newts
  2 goblins
  6 kobolds
  6 rats
35 creatures vanquished.

Notes
Turn   | Place    | Note
--------------------------------------------------------------
     0 | D:1      | Zhenya25pyc the Troll Fighter began the quest for the Orb.
     0 | D:1      | Reached XP level 1. HP: 22/22 MP: 0/0
   204 | D:1      | Reached XP level 2. HP: 25/29 MP: 1/1
  1143 | D:2      | Reached XP level 3. HP: 29/36 MP: 2/2
  1444 | D:2      | Found a faded altar to an unknown god.
  1462 | D:2      | Became a worshipper of Cheibriados the Contemplative
  1462 | D:2      | Reached * piety under Cheibriados
  1795 | D:3      | Noticed Sigmund
  1819 | D:3      | Slain by Sigmund

Action                   || total
-------------------------++-------
Melee: Unarmed           ||    29
       Dagger            ||    70
       Short sword       ||    44
       Flail             ||     6
  Use: Potion            ||     1
       Scroll            ||     1
  Eat: Chunk             ||    20
       Fruit             ||     1
